Unix NetHack Version 5.0.0-0 post-release - last build Jul 19 2026 19:10:59 (3aa4ab31751d3886436d94b585a96704892fd477,branch:main).

Game began 2026-07-22 13:22:48, ended 2026-07-22 18:40:23.

Anarchos, chaotic male human Rogue

                                     ---------------
                                     |...`.........|
     -----                          #..............|
     |....############           ####|.............|
     |...|                      ##   |............`|      ---------
     |.>..#                    ##    -------.-------     #........|
     |...|#                   ##            #  #  $      #|.......|
     -.---#    -----------#####             ##           #|........####
      #   #####-))))nd)..-#                  #          ##---------   #
      #        |--|-.-@--|                   #        ###             #   ###
      ##       |.).|.|.[.|                   #       ##               ### --.-
       #       |.))|.|[@.|                   #    ####                  # |).|
       #       |)))|.|[)[|                   #    #                     ##...|
 ------.-      -----------                   #    #                       |..|
 |......|###                           ------.----#            ###########...|
 |..<.$.|#                             |.........|#            #          ----
 |.......#                             |.....(...-############%#
 --------                              |........*|
                                       -----------

Anarchos the Cutpurse   St:14 Dx:18 Co:15 In:11 Wi:8 Ch:9  Chaotic
Dlvl:6  $:0  HP:0(45) Pw:19(19) AC:6  Xp:5 T:3293  Burdened

Latest messages:
 The 1st dagger hits the water nymph.
 The dagger slips as you throw it!
 The 2nd dagger hits the water nymph.
 The water nymph zaps a pine wand!
 The hobbit swings her long sword.
 The hobbit misses!
 You throw 2 daggers.
 The 1st dagger hits the water nymph.
 The 2nd dagger misses the water nymph.
 The water nymph zaps a pine wand!
 A water nymph suddenly appears close by!
 The hobbit swings her long sword.
 The hobbit misses!
 The water nymph zaps a wand of create monster!
 A human zombie suddenly appears close by!
 A human zombie suddenly appears close by!
 A human zombie suddenly appears close by!
 What do you want to throw? [pEGP or ?*] E
 In what direction? 4
 The dagger slips as you throw it!
 The dagger hits the water nymph.
 The water nymph zaps a wand of create monster!
 A water nymph suddenly appears close by!
 The hobbit swings her long sword.
 The hobbit hits!
 The water nymph zaps a wand of create monster!
 You kill the hobbit!
 The water nymph zaps a wand of create monster!
 The dingo bites!
 "Hello, Anarchos!  Welcome again to Kars' used armor dealership!"
 d - a sling.
 g - 4 gray stones.
 h - 6 crude arrows.
 k - a broadsword.
 l - 7 crossbow bolts.
 You have a little trouble lifting a long sword.  Continue? [ynq] (q) y
 You have a little trouble lifting S - a long sword.
 Your movements are slowed slightly because of your load.
 The dingo bites!
 You hear a nearby zap.
 The dingo bites!
 The dingo bites!
 You hear a nearby zap.
 You hear a nearby zap.
 You hit the dingo.
 The dingo bites!
 You die...
 Kars gratefully inherits all your possessions.
 Do you want to see what you had when you died? [ynq] (y) y
 Do you want to see your attributes? [ynq] (y) q

Inventory:
 Weapons  (')')
  l - 7 blessed +3 crossbow bolts
  h - 6 +0 orcish arrows
  d - a +0 sling
  P - 7 cursed -2 darts
  E - 2 cursed +0 daggers
  G - a cursed -3 dagger
  p - a +0 orcish dagger
  k - a cursed +0 broadsword
  S - a +0 long sword
  a - a +0 short sword (weapon in right hand)
 Armor    ('[')
  u - an uncursed +0 orcish helm
  o - a cursed thoroughly rusty -1 orcish helm (being worn)
  L - an uncursed +0 pair of iron shoes (being worn)
  q - an uncursed +0 pair of low boots
  M - an uncursed +0 dwarvish cloak
  c - a cursed +1 leather armor (being worn)
 Comestibles  ('%')
  j - an uncursed food ration
  t - an uncursed egg
  s - an uncursed lichen corpse
 Scrolls  ('?')
  A - 2 uncursed scrolls of identify
 Tools    ('(')
  f - an uncursed sack containing 11 items
  e - an uncursed lock pick
  i - a magic marker (0:60)
 Gems/Stones  ('*')
  g - 4 uncursed flint stones

Contents of the sack:
  88 gold pieces
  16 +0 arrows
  4 +0 crossbow bolts
  a cursed fireproof +0 crossbow
  a +0 sling
  an uncursed spellbook of confuse monster
  an uncursed spellbook of haste self
  an uncursed potion of object detection
  an uncursed potion of sickness
  an uncursed worthless piece of green glass
  an uncursed worthless piece of yellow glass

Anarchos the Rogue's attributes:

Background:
 You were a Cutpurse, a level 5 male human Rogue.
 You were chaotic, nominally on a mission for Kos
 who was opposed by Issek (lawful) and Mog (neutral).
 You were right-handed.
 You were in the Dungeons of Doom, on level 6.
 You entered the dungeon 3293 turns ago.
 You had 172 experience points, 148 more were needed to attain level 6.

Basics:
 You had 0 out of 45 hit points.
 You had all 19 energy points (spell power).
 Your armor class was 6.
 Your wallet was empty, but
 you had 88 zorkmids stashed away in your pack.
 Autopickup was on for all types.

Final Characteristics:
 Your strength was 14 (limit:18/100).
 Your dexterity was 18 (limit:18).
 Your constitution was 15 (limit:18).
 Your intelligence was 11 (limit:18).
 Your wisdom was 8 (limit:18).
 Your charisma was 9 (limit:18).

Final Status:
 You weren't hungry.
 You were burdened; movement was slightly slowed.
 You were wielding a short sword.
 You were skilled in short sword.

Final Attributes:
 You were piously aligned.
 You were telepathic.
 You were stealthy.
 You were warded.
 You are dead.

Miscellaneous:
 You didn't encounter any bones levels.
 Total elapsed playing time was 1 hour, 40 minutes and 18 seconds.

Major events:
 Turn
    1: Anarchos the chaotic male human Rogue entered the dungeon
 1716: attained the rank of Cutpurse (level 3)
 1790: entered the Gnomish Mines
 3293: killed by a dingo

Spells:
 Name                 Level Category     Fail Retention
 haste self             3   escape       100%  76%-100%
 confuse monster        1   enchantment   82%  76%-100%

Skills:
 Fighting Skills
   bare handed combat [Unskilled]
   two weapon combat  [Unskilled]
   riding             [Unskilled]
 Weapon Skills
   dagger             [Basic]
   knife              [Unskilled]
   short sword        [Skilled]
   broadsword         [Unskilled]
   long sword         [Unskilled]
   two-handed sword   [Unskilled]
   saber              [Unskilled]
   club               [Unskilled]
   mace               [Unskilled]
   morning star       [Unskilled]
   flail              [Unskilled]
   hammer             [Unskilled]
   polearms           [Unskilled]
   spear              [Unskilled]
   crossbow           [Unskilled]
   dart               [Unskilled]
   shuriken           [Unskilled]
 Spellcasting Skills
   divination spells  [Unskilled]
   escape spells      [Unskilled]
   matter spells      [Unskilled]

Voluntary challenges:
 Character rerolling was not enabled.
 You were an atheist.
 You never genocided any monsters.
 You never polymorphed an object.
 You never changed form.
 You used no wishes.
Achievements:
 You attained the rank of Cutpurse.
 You entered the Gnomish Mines.
 You entered a shop.

 The Dungeons of Doom: levels 1 to 6
    Level 1:
    Level 2:
       A fountain.
    Level 3:
       Stairs down to The Gnomish Mines.
    Level 4:
       A fountain.
    Level 5:
       A sink, a grave.
    Level 6: <- You were here.
       Some shops.
       Final resting place for
          you, killed by a dingo.
 The Gnomish Mines:
    Level 4:


Vanquished creatures:
  a rock piercer
  a floating eye
  a dwarf
  2 hill orcs
  a giant bat
  a monkey
 an orc zombie
  3 dwarf zombies
 an iguana
 an acid blob
  a hobbit
  a large kobold
  a hobgoblin
  3 giant rats
  2 gnomes
  2 garter snakes
  2 gnome zombies
  a gecko
  4 jackals
  a kobold
  2 goblins
  2 sewer rats
  3 grid bugs
  a bat
  3 lichens
  3 kobold zombies
  7 newts
52 creatures vanquished.

No species were genocided or became extinct.

Game over:
                       ----------
                      /          \
                     /    REST    \
                    /      IN      \
                   /     PEACE      \
                  /                  \
                  |     Anarchos     |
                  |      88 Au       |
                  |   killed by a    |
                  |      dingo       |
                  |                  |
                  |                  |
                  |       2026       |
                 *|     *  *  *      | *
        _________)/\\_//(\/(/\)/\//\/|_)_______

Goodbye Anarchos the Rogue...

You died in The Dungeons of Doom on dungeon level 6 with 1068 points,
and 88 pieces of gold, after 3293 moves.
You were level 5 with a maximum of 45 hit points when you died.

